AoeStats
← Pipin

Black Forest

510162944Analyzed
4v4 RM · 4d ago on Sep 29, 2026· 106m 2s· 8 players
Game mode
Random Map
Map size
Large (8 player)
Population
200
Speed
Normal
Resources
Standard
Victory
Conquest
Starting age
Dark Age
Ending age
Imperial Age
RankedLock teamsTeams togetherTeam positionsShared explorationLock speedFull tech treeHidden civsTurbo modeCheats
Victory
Defeat
🇩🇪 Magyars · Germany
1530
+13
🇩🇪 Byzantines · Germany
1485
+15
🇩🇪 Varangians · Germany
1461
+16
🇩🇪 Romans · Germany
1357
+21
🇭🇰 Italians · Hong Kong SAR China
1533
-19
🇮🇹 Sicilians · Italy
1476
-17
🇩🇪 Goths · Germany
1459
-16
🇬🇧 Burmese · United Kingdom
1382
-13
Mr_Fabul0us
11:30 Feudal Age
15:13 Castle Age
13:31 Double-Bit Axe
13:26 Horse Collar
17:02 Bow Saw
16:53 Heavy Plow
20:54 Stone Mining
22:40 Fletching
24:35 Scale Mail Armor
25:38 Wheelbarrow
25:52 Chain Mail Armor
26:43 Hand Cart
26:37 Gold Mining
28:13 Loom
31:35 Imperial Age
29:44 Stone Shaft Mining
29:44 Gold Shaft Mining
29:22 Forging
30:46 Iron Casting
29:58 Pikeman
32:55 Plate Mail Armor
31:50 Capped Ram
33:00 Siege Engineers
33:40 First Crusade
33:41 Conscription
32:52 Elite Serjeant
33:03 Elite Serjeant
33:43 Siege Ram
35:05 Squires
34:51 Arson
36:11 Blast Furnace
35:33 Bodkin Arrow
38:30 Crop Rotation
38:19 Halberdier
47:10 Masonry
47:03 Bracer
47:29 Ballistics
46:59 Gambesons
48:52 Coinage
50:12 Banking
52:45 Caravan
57:40 Chemistry
95:15 Padded Archer Armor
95:37 Onager
96:49 Town Watch
PeterPan
10:14 Feudal Age
15:08 Castle Age
17:40 Wheelbarrow
17:55 Horse Collar
19:39 Loom
21:23 Double-Bit Axe
21:57 Heavy Plow
23:03 Hand Cart
22:59 Gold Mining
23:02 Stone Mining
23:28 Bow Saw
26:11 Forging
26:01 Scale Mail Armor
29:30 Imperial Age
27:39 Iron Casting
26:56 Man-at-Arms
27:37 Squires
26:58 Pikeman
27:57 Chain Mail Armor
27:32 Long Swordsman
29:37 Two-Handed Swordsman
31:44 Blast Furnace
31:13 Champion
31:14 Halberdier
33:48 Two-Man Saw
33:28 Crop Rotation
35:22 Heavy Scorpion
36:43 Elite Huskarl
38:16 Conscription
40:42 Chemistry
39:57 Perfusion
102:26 Guilds
Blue
1:06 Loom
14:23 Feudal Age
19:13 Castle Age
17:21 Stone Mining
17:41 Horse Collar
22:41 Heavy Plow
27:59 Wheelbarrow
35:17 Imperial Age
33:30 Hand Cart
35:17 Fletching
35:27 Padded Archer Armor
36:39 Padded Archer Armor
38:34 Scale Barding Armor
40:17 Chain Barding Armor
40:08 Forging
41:15 Bloodlines
41:06 Husbandry
41:37 Elite Battle Elephant
42:30 Howdah
44:31 Plate Barding Armor
46:59 Iron Casting
49:18 Conscription
49:20 Onager
60:36 Caravan
66:58 Light Cavalry
69:09 Hussar
72:21 Blast Furnace
72:16 Town Watch
92:22 Guilds
大庆Song
0:30 Loom
12:28 Feudal Age
17:04 Fletching
17:56 Horse Collar
22:44 Wheelbarrow
25:14 Castle Age
27:53 Bodkin Arrow
32:19 Imperial Age
29:56 Double-Bit Axe
32:14 Forging
32:15 Bow Saw
32:26 Gold Mining
32:31 Stone Mining
32:34 Gold Mining
33:31 Conscription
35:13 Bracer
36:28 Chemistry
35:43 Fortified Wall
37:01 Silk Road
38:17 Padded Archer Armor
38:39 Hand Cart
39:12 Bracer
40:24 Leather Archer Armor
40:16 Thumb Ring
40:33 Ballistics
41:47 Elite Genoese Crossbowman
44:56 Ring Archer Armor
44:49 Bombard Tower
44:26 Murder Holes
45:49 Hoardings
46:04 Scale Barding Armor
46:10 Forging
47:00 Pirotechnia
47:50 Guilds
48:27 Bloodlines
47:37 Light Cavalry
48:17 Husbandry
48:16 Onager
50:33 Coinage
51:46 Masonry
51:23 Hussar
54:01 Banking
59:27 Architecture
62:24 Iron Casting
62:10 Chain Barding Armor
62:28 Iron Casting
65:49 Plate Barding Armor
72:21 Caravan
72:11 Capped Ram
74:27 Elite Skirmisher
74:32 Pikeman
75:12 Squires
75:14 Scale Mail Armor
86:45 Redemption
89:08 Crossbowman
92:26 Blast Furnace
91:53 Arbalester
99:55 Heavy Plow
100:57 Two-Man Saw
99:41 Treadmill Crane
Pipin
6:40 Loom
8:59 Feudal Age
9:02 Man-at-Arms
14:15 Horse Collar
14:21 Double-Bit Axe
20:13 Castle Age
20:19 Crossbowman
20:50 Fletching
21:11 Bow Saw
22:28 Gold Mining
22:42 Bodkin Arrow
27:31 Wheelbarrow
30:44 Caravan
31:32 Hand Cart
31:04 Town Watch
34:49 Imperial Age
33:09 Padded Archer Armor
33:51 Gold Shaft Mining
33:40 Thumb Ring
34:04 Town Patrol
34:26 Ballistics
34:40 Leather Archer Armor
34:17 Stone Mining
34:36 Heavy Plow
35:33 Bracer
36:41 Chemistry
36:08 Arbalester
37:44 Scale Barding Armor
38:52 Caravan
42:05 Conscription
43:47 Two-Man Saw
44:04 Guard Tower
44:27 Masonry
45:24 Murder Holes
46:50 Ring Archer Armor
49:22 Onager
54:02 Elite Skirmisher
63:20 Heavy Cavalry Archer
67:08 Bloodlines
69:04 Husbandry
69:30 Parthian Tactics
76:32 Coinage
78:17 Banking
82:06 Recurve Bow
86:03 Capped Ram
91:35 Siege Engineers
92:28 Cavalier
95:04 Paladin
99:36 Chain Barding Armor
102:06 Plate Barding Armor
102:11 Hoardings
M*rpheu$
0:39 Loom
11:19 Feudal Age
17:05 Castle Age
15:03 Double-Bit Axe
15:18 Horse Collar
17:09 Gold Mining
17:44 Crossbowman
22:18 Fletching
26:55 Bow Saw
26:47 Heavy Plow
28:25 Wheelbarrow
33:04 Imperial Age
32:00 Bodkin Arrow
32:06 Padded Archer Armor
32:32 Caravan
32:43 Stone Mining
34:07 Conscription
33:35 Onager
35:20 Leather Archer Armor
35:59 Gold Shaft Mining
36:13 Ballistics
36:54 Chemistry
36:22 Town Watch
36:53 Hand Cart
36:53 Heavy Scorpion
38:29 Town Patrol
38:43 Siege Engineers
40:18 Ballistas
51:10 Capped Ram
53:40 Siege Ram
56:13 Coinage
55:53 Guilds
68:13 Banking
81:21 Ring Archer Armor
89:53 Onager
chrizbee
1:16 Loom
10:31 Feudal Age
14:40 Castle Age
13:27 Double-Bit Axe
13:56 Horse Collar
21:29 Gold Mining
22:24 Stone Mining
23:27 Bow Saw
23:26 Heavy Plow
24:44 Wheelbarrow
25:55 Gold Shaft Mining
26:22 Hand Cart
30:07 Imperial Age
28:22 Caravan
28:30 Scale Barding Armor
28:36 Forging
29:37 Stone Shaft Mining
30:14 Chain Barding Armor
30:49 Iron Casting
31:19 Conscription
31:10 Logistica
30:57 Elite Cataphract
31:56 Husbandry
32:36 Plate Barding Armor
33:15 Two-Man Saw
34:14 Fortified Wall
42:25 Crop Rotation
45:12 Guilds
97:53 Coinage
canttouchme
9:25 Loom
11:18 Feudal Age
15:23 Castle Age
13:44 Loom
14:35 Double-Bit Axe
14:42 Gold Mining
14:32 Horse Collar
15:38 Loom
18:18 Bow Saw
25:26 Wheelbarrow
30:49 Imperial Age
28:37 Stone Mining
28:34 Loom
29:20 Scale Barding Armor
30:00 Stone Shaft Mining
30:22 Chain Barding Armor
30:20 Hand Cart
31:08 Heavy Plow
31:32 Forging
32:08 Plate Barding Armor
32:40 Chemistry
31:54 Forging
32:04 Elite Jarl
34:32 Iron Casting
34:00 Elite Jarl
34:08 Elite Jarl
36:46 Blast Furnace
35:59 Masonry
39:30 Architecture
41:14 Conscription
42:45 Cavalier
43:35 Bloodlines
43:28 Husbandry
43:56 Fortified Wall
50:16 Two-Man Saw
49:51 Crop Rotation
52:29 Light Cavalry
65:58 Caravan
77:21 Coinage
76:42 Vendel Legacy
79:34 Banking
79:09 Scale Mail Armor
80:25 Chain Mail Armor
86:06 Squires
86:06 Hussar
87:26 Gambesons
88:20 Elite Varangian Guard
90:43 Plate Mail Armor
92:34 Arson
94:14 Capped Ram
94:55 Gothikon
96:46 Siege Ram
98:04 Pikeman
Connection lost

Rejoining the realm…

Still unreachable

The connection could not be restored.

Session expired

The server has moved on; the page needs a fresh start.